 Dungeon Crawl Stone Soup version 0.31.0-9-g3a7656b989 (webtiles) character file.

Game seed: 527890971050426143

359 qw the Shooter (level 6, -4/30 HPs)
             Began as a Spriggan Hunter on Feb 2, 2024.
             Slain by Pikel
             ... wielding a +1 whip of electrocution
              (8 damage)
             ... on level 5 of the Dungeon.
             The game lasted 00:00:14 (3044 turns).

qw the Shooter (Spriggan Hunter)                    Turns: 3044, Time: 00:00:14

Health: -4/30      AC:  6    Str:  7    XL:     6   Next: 37%
Magic:  7/7        EV: 21    Int: 10    God:
Gold:   17         SH:  0    Dex: 21    Spells: 5/5 levels left

rFire   x x .        a - +0 shortbow
rCold   x x .        (shield currently unavailable)
rNeg    . . .        c - +0 robe
rPois   +            (helmet restricted)
rElec   .            (no cloak)
rCorr   .            (gloves unavailable)
SInv    +            (boots unavailable)
Will    +....        d - amulet of Elemental Vulnerability {rPois rF-- rC-- AC+8}
Stlth   ++           (no ring)
HPRegen 0.25/turn    (no ring)
MPRegen 0.10/turn

%: no passive effects
@: about to teleport, corroded, very quick
A: very small, no large weapons, unfitting armour, see invisible, speed 3
a: no special abilities


You were on level 5 of the Dungeon.
You visited 1 branch of the dungeon, and saw 5 of its levels.

You collected 212 gold pieces.
You spent 195 gold pieces at shops.


Innate Abilities, Weirdness & Mutations

You are very small and have problems with some larger weapons.
You are too small for most types of armour.
You have supernaturally acute eyesight. (SInv)
You cover ground extremely quickly. (Speed+++)


   Skills:
 - Level 2.1 Fighting
 + Level 6.2 Ranged Weapons
 - Level 6.0 Dodging
 - Level 1.5 Stealth


You had 5 spell levels left.
You didn't know any spells.
Your spell library was empty.

Inventory:

Hand Weapons
 a - a +0 shortbow (weapon)
Armour
 c - a +0 robe (worn)
 e - a +1 cloak
Jewellery
 d - the amulet of Elemental Vulnerability (around neck) {rPois rF-- rC-- AC+8}
   (You found it on level 4 of the Dungeon)

   [amulet of nothing]

   AC+8:      It affects your AC (+8).
   rF--:      It makes you very vulnerable to fire.
   rC--:      It makes you very vulnerable to cold.
   rPois:     It protects you from poison
Wands
 g - a wand of digging (2)
Scrolls
 b - a scroll of teleportation
Potions
 h - a potion of enlightenment
 i - a potion of might
 l - a potion of resistance
 m - a potion of heal wounds

Dungeon Overview and Level Annotations

Branches:
Dungeon (5/15)
 Temple: D:4-7

Altars:
Elyvilon
Makhleb
Sif Muna
Vehumet

Shops:
D:5 [

Annotations:
D:4 3 runed translucent doors, qw's ghost, amateur DgHu
D:5 Pikel


Message History

Pikel zaps a wand.
The bolt of acid misses you.
You shoot an arrow. The arrow hits Pikel.
Pikel is moderately wounded.
Pikel completely misses you.
You shoot an arrow. The arrow hits Pikel.
Pikel is moderately wounded.
Pikel completely misses you. x2
You shoot an arrow. The arrow hits Pikel!
Pikel is heavily wounded.
Pikel zaps a wand.
The bolt of acid hits you. The acid corrodes you!
You shoot an arrow. The arrow closely misses Pikel.
The arrow closely misses the lemure.
The arrow hits the lemure.
The lemure is lightly wounded.
Pikel zaps a wand.
The bolt of acid misses you.
You shoot an arrow. The arrow hits Pikel.
Pikel is severely wounded.
Pikel zaps a wand.
The bolt of acid misses you.
You shoot an arrow.
The arrow hits Pikel but does no damage.
Pikel is severely wounded.
Pikel hits you with a +1 whip of electrocution.
You shoot an arrow. The arrow hits Pikel.
Pikel is severely wounded.
Pikel says, "You'll make a fine lemure."
Pikel hits you with a +1 whip of electrocution.
You shoot an arrow. The arrow closely misses Pikel.
The arrow hits the lemure but does no damage.
The lemure is severely wounded.
Pikel completely misses you.
You shoot an arrow. The arrow barely misses Pikel.
The arrow hits the lemure but does no damage.
The lemure is severely wounded.
Pikel zaps a wand.
The bolt of acid hits you!!
Ouch! That really hurt!
3044 ||| READING 2 scrolls of teleportation.
As you read the scroll of teleportation, it crumbles to dust.
You feel strangely unstable.
Pikel hits you with a +1 whip of electrocution!
You die...
Pikel says, "See you in Hell!"

.........######
..#.#####K.....#
.........5.....#
####..5####...# . #
###..\## ### ..#.##
###%5# ......###
##.####
#......<#####5...###
#..........@K55....#
######..##.#####.....
#..##....# ###..
#.......#.# <
#.......# (.
#.......# #..
######### .


You could see Pikel and 3 lemures.

Vanquished Creatures
  A scorpion (D:4)
  2 hounds (D:4)
  An iguana (D:4)
  Natasha (thrice) (D:3)
  7 adders
  A dart slug (D:3)
  A ribbon worm (D:3)
  6 orcs
  6 ball pythons
  5 bats
  8 endoplasms
  4 giant cockroaches
  5 goblins
  2 hobgoblins
  8 jackals
  3 quokkas
  2 frilled lizards (D:1)
  5 kobolds
  2 rats
72 creatures vanquished.

Notes
Turn   | Place    | Note
-------+----------+-------------------------------------------
     0 | D:1      | qw the Spriggan Hunter began the quest for the Orb.
     0 | D:1      | Reached XP level 1. HP: 10/10 MP: 2/2
     0 | D:1      | 0 ||| qw: Version: 0.3-a-155-g5e7d8dd
     0 | D:1      | 0 ||| qw: Game counter: 856
     0 | D:1      | 0 ||| qw: Melee chars always use a shield: true
     0 | D:1      | 0 ||| qw: God list: Okawaru
     0 | D:1      | 0 ||| qw: Allow faded altars: false
     0 | D:1      | 0 ||| qw: Do Orc after clearing Dungeon:15 true
     0 | D:1      | 0 ||| qw: Do second Lair branch before Depths: true
     0 | D:1      | 0 ||| qw: Lair rune preference: random
     0 | D:1      | 0 ||| qw: Goals: Normal
     0 | D:1      | 0 ||| PLANNING D:1-11
    68 | D:1      | Reached skill level 3 in Dodging
   461 | D:1      | Reached XP level 2. HP: 14/14 MP: 3/3
   645 | D:1      | 645 ||| DROPPING amulet of magic regeneration.
   646 | D:1      | 646 ||| READING scroll labelled MIHUERHOIN.
   649 | D:1      | 649 ||| READING scroll labelled LEVUKUOCRE.
   673 | D:1      | 673 ||| READING scroll labelled VARYSMINNA.
   674 | D:1      | 674 ||| DRINKING 2 black potions.
   675 | D:1      | 675 ||| DRINKING 2 bubbling golden potions.
   676 | D:1      | 676 ||| DROPPING scroll of butterflies.
   802 | D:2      | Reached XP level 3. HP: 18/18 MP: 4/4
  1002 | D:2      | Reached XP level 4. HP: 20/22 MP: 5/5
  1132 | D:2      | 1132 ||| READING scroll labelled KEHUERH TAUNY.
  1132 | D:2      | 1132 ||| IDENTIFYING smoky yellow potion
  1133 | D:2      | 1133 ||| READING scroll labelled USEULE WABB.
  1134 | D:2      | 1134 ||| READING scroll labelled JOFIEDGH CATOA.
  1135 | D:2      | 1135 ||| DROPPING potion of attraction.
  1137 | D:2      | 1137 ||| Stepping ~*~*~tactically~*~*~ (cloud).
  1232 | D:3      | Noticed Natasha
  1238 | D:3      | Killed Natasha
  1240 | D:3      | 1240 ||| FLEEEEING.
  1242 | D:3      | 1242 ||| FLEEEEING.
  1336 | D:3      | Found a radiant altar of Vehumet.
  1337 | D:3      | Found a white marble altar of Elyvilon.
  1337 | D:3      | Found a burning altar of Makhleb.
  1341 | D:3      | Found a shimmering blue altar of Sif Muna.
  1586 | D:3      | Noticed Natasha
  1599 | D:3      | HP: 4/22 [Natasha (7)]
  1600 | D:3      | 1600 ||| READING 2 scrolls of teleportation.
  1601 | D:3      | Killed Natasha
  1651 | D:3      | 1651 ||| FLEEEEING.
  1652 | D:3      | 1652 ||| FLEEEEING.
  1654 | D:3      | 1654 ||| FLEEEEING.
  1655 | D:3      | 1655 ||| FLEEEEING.
  1657 | D:3      | 1657 ||| FLEEEEING.
  1658 | D:3      | 1658 ||| FLEEEEING.
  1660 | D:3      | 1660 ||| FLEEEEING.
  1661 | D:3      | 1661 ||| FLEEEEING.
  2013 | D:3      | Noticed Natasha
  2022 | D:3      | Killed Natasha
  2023 | D:3      | Reached XP level 5. HP: 26/26 MP: 6/6
  2161 | D:3      | Identified the +3 mace "Xeah" {pain, rF+++ rCorr Dex-5
                  | SInv}
  2190 | D:3      | 2190 ||| READING scroll of identify.
  2190 | D:3      | 2190 ||| IDENTIFYING fizzy dark potion
  2191 | D:3      | 2191 ||| READING scroll labelled SEOJUP CYLYNK.
  2192 | D:3      | 2192 ||| READING scroll labelled KIF UPTU FUDEH.
  2193 | D:3      | 2193 ||| DRINKING 2 white potions.
  2194 | D:3      | 2194 ||| DROPPING potion of magic.
  2284 | D:4      | Noticed qw's ghost (amateur DgHu)
  2285 | D:4      | Found a runed translucent gate.
  2285 | D:4      | Found a runed translucent gate.
  2285 | D:4      | Found a runed translucent gate.
  2285 | D:4      | Identified the +8 whip of Waiziut {protect, rElec Str+3}
  2285 | D:4      | Identified the +1 leather armour of Least Resistance {rElec
                  | Int+2 SInv}
  2439 | D:4      | 2439 ||| FLEEEEING.
  2440 | D:4      | 2440 ||| FLEEEEING.
  2442 | D:4      | 2442 ||| FLEEEEING.
  2443 | D:4      | 2443 ||| FLEEEEING.
  2444 | D:4      | 2444 ||| FLEEEEING.
  2445 | D:4      | 2445 ||| FLEEEEING.
  2446 | D:4      | 2446 ||| FLEEEEING.
  2448 | D:4      | 2448 ||| FLEEEEING.
  2449 | D:4      | 2449 ||| FLEEEEING.
  2450 | D:4      | 2450 ||| FLEEEEING.
  2451 | D:4      | 2451 ||| FLEEEEING.
  2620 | D:4      | Reached skill level 6 in Ranged Weapons
  2636 | D:4      | Reached XP level 6. HP: 20/30 MP: 7/7
  2779 | D:4      | Reached skill level 6 in Dodging
  2827 | D:4      | Found the amulet of Elemental Vulnerability {rPois rF--
                  | rC-- AC+8}
  2958 | D:4      | 2958 ||| UPGRADING to amulet of Elemental Vulnerability
                  | {rPois rF-- rC-- AC+8}.
  2963 | D:4      | 2963 ||| READING scroll of identify.
  2963 | D:4      | 2963 ||| IDENTIFYING fuming clear potion
  2964 | D:4      | 2964 ||| DRINKING 3 fizzy inky potions.
  2965 | D:4      | 2965 ||| DROPPING 2 potions of brilliance.
  2978 | D:5      | Entered Level 5 of the Dungeon
  2986 | D:5      | Found Kezaq's Antique Armour Boutique.
  3001 | D:5      | 3001 ||| BUYING embroidered cloak (195 gold).
  3001 | D:5      | Bought an embroidered cloak for 195 gold pieces
  3001 | D:5      | 3001 ||| SHOPLISTING runed steam dragon scales (1118 gold,
                  | have 17).
  3006 | D:5      | Noticed Pikel
  3007 | D:5      | 3007 ||| RETREEEEATING.
  3009 | D:5      | 3009 ||| RETREEEEATING.
  3016 | D:5      | 3016 ||| RETREEEEATING.
  3017 | D:5      | 3017 ||| RETREEEEATING.
  3023 | D:5      | 3023 ||| RETREEEEATING.
  3024 | D:5      | 3024 ||| RETREEEEATING.
  3026 | D:5      | 3026 ||| RETREEEEATING.
  3027 | D:5      | 3027 ||| RETREEEEATING.
  3031 | D:5      | 3031 ||| RETREEEEATING.
  3043 | D:5      | HP: 3/30 [Pikel/bolt of acid (19)]
  3044 | D:5      | 3044 ||| READING 2 scrolls of teleportation.
  3044 | D:5      | Slain by Pikel

Levels and vault maps discovered:
D:1:      matt_arrival_grand_opening, layout_basic, st_stairs_14
D:2:      layout_basic
D:3:      layout_loops_corners, grunt_temple_overflow_open,
          kennysheep_cross_room, st_stairs_4, minmay_misc_feat_five,
          minmay_misc_feat_tower, moated_statue, serial_park_tiny_2,
          uniq_natasha
D:4:      layout_basic, biasface_ghost_orc_armoury, hex_intersection
D:5:      layout_rooms, mainiacjoe_overflow_concentric_impassable, serial_shops,
          shop, shop, nicolae_shop_tiny_glass, nicolae_take_the_stairs,
          uniq_pikel, uniq_duvessa

Skill      XL: |  1  2  3  4  5  6 |
---------------+-------------------+-----
Dodging        | 3 4 5 6 |  6.0
Ranged Weapons | 5 6 |  6.2
Fighting       | 2 |  2.1
Stealth        | |  1.5

Action                     |  1- 3 |  4- 6 || total
---------------------------+-------+-------++-------
   Fire: Shortbow          |    84 |   180 ||   264
    Use: Scroll            |     3 |     9 ||    12
         Potion            |     2 |     2 ||     4
 Armour: Robe              |     7 |    29 ||    36
  Dodge: Dodged            |    21 |    80 ||   101

Table legend:
 A = Non-vault XP
 B = Vault XP
 C = Vault XP percentage of total XP
 D = Non-vault monster count
 E = Vault monster count
 F = Vault count percentage of total count
                 A         B        C        D         E       F
            +---------+---------+-------+---------+---------+-------
      Total |     467 |      46 |   9.0 |      66 |       6 |   8.3
            +---------+---------+-------+---------+---------+-------
        D:1 |       9 |       3 |  25.0 |       6 |       2 |  25.0
        D:2 |      88 |       0 |   0.0 |      24 |       0 |   0.0
        D:3 |      89 |      43 |  32.6 |      10 |       4 |  28.6
        D:4 |     265 |       0 |   0.0 |      24 |       0 |   0.0
        D:5 |      16 |       0 |   0.0 |       2 |       0 |   0.0
            +---------+---------+-------+---------+---------+-------
